 Dungeon Crawl Stone Soup version 0.27-a0-277-g024f7ef292 (webtiles) character file.

Game seed: 2083495015719477881

830 Borgoz the Skirmisher (level 7, -1/45 HPs)
             Began as a Gargoyle Berserker on Feb 6, 2021.
             Was an Elder of Trog.
             Slain by Edmund
             ... wielding a +6 flail of protection
              (7 damage)
             ... on level 4 of the Dungeon.
             The game lasted 00:05:06 (3170 turns).

Borgoz the Skirmisher (Gargoyle Berserker)          Turns: 3170, Time: 00:05:06

Health: -1/45      AC: 11    Str: 21    XL:     7   Next: 97%
Magic:  7/7        EV: 13    Int:  7    God:    Trog [****..]
Gold:   167        SH:  0    Dex: 11    Spells: 6/6 levels left

rFire    . . .     SeeInvis .   n - +0 flail
rCold    . . .     Faith    .   (no shield)
rNeg     + . .     Spirit   .   b - +0 animal skin
rPois    ∞         Reflect  .   e - +1 helmet
rElec    +         Harm     .   l - +0 cloak
rCorr    .         Rampage  .   (no gloves)
Will     .....                  k - +0 pair of boots {Stlth+}
Stlth    ++........             (no amulet)
HPRegen  0.15/turn              (no ring)
MPRegen  0.10/turn              (no ring)

@: berserk cooldown, slowed, very slow
A: negative energy resistance 1, electricity resistance, unbreathing,
petrification resistance, miasma immunity, AC +4
a: Renounce Religion, Berserk, Trog's Hand, Brothers in Arms


You were on level 4 of the Dungeon.
You worshipped Trog.
Trog was greatly pleased with you.
You visited 2 branches of the dungeon, and saw 5 of its levels.

You collected 167 gold pieces.

Inventory:

Hand Weapons
 n - a +0 flail (weapon)
Armour
 b - a +0 animal skin (worn)
 e - a +1 helmet (worn)
 k - a +0 pair of boots of stealth (worn)
 l - a +0 cloak (worn)
Wands
 r - a wand of iceblast (6)
Scrolls
 a - a scroll of noise {unknown}
 h - 3 scrolls of identify
 i - a scroll of teleportation {unknown}
 j - a scroll of fog {unknown}
 p - a scroll of remove curse
Potions
 c - 3 potions of flight
 d - a potion of haste
 f - 2 potions of might
 g - 3 potions of resistance
 m - a potion of attraction {unknown}
 o - a potion of curing {unknown}
 q - a potion of brilliance {unknown}


   Skills:
 + Level 5.7 Fighting
 + Level 5.2 Maces & Flails
 + Level 5.1 Armour
 + Level 3.9 Dodging


You had 6 spell levels left.
You didn't know any spells.
Your spell library was empty.

Dungeon Overview and Level Annotations

Branches:
Dungeon (4/15)             Temple (1/1) D:4

Altars:
Cheibriados
Dithmenos
Elyvilon
Makhleb
Vehumet
Wu Jian
Xom
Yredelemnul
Zin
The Shining One

Annotations:
D:4 Edmund


Innate Abilities, Weirdness & Mutations

You are resistant to torment.
Your stone body is resilient. (AC +4)
You are immune to poison.
You resist negative energy. (rN+)
You are resistant to electric shocks. (rElec)
You can survive without breathing.
You are immune to petrification.
You are immune to miasma.


Message History

Edmund hits you with a +6 flail of protection.
* * * LOW HITPOINT WARNING * * *
You are too injured to fight recklessly!
You barely miss Edmund.
Edmund is almost dead.
Edmund barely misses you.
You hit Edmund but do no damage.
Edmund is almost dead.
Edmund hits you with a +6 flail of protection.
* * * LOW HITPOINT WARNING * * *
Edmund completely misses you.
You hit Edmund but do no damage.
Edmund is almost dead.
Edmund closely misses you.
You barely miss Edmund.
Edmund is almost dead.
Edmund hits you with a +6 flail of protection.
* * * LOW HITPOINT WARNING * * *
Edmund hits you with a +6 flail of protection!
You die...

## .. #.+## #....
#.#.#
##...#######...
#.....)@@o...#
####.##.#######...
#.##.##.#
#.##.##.#
#.##.##.#
#.##.##.#
#.##.##.#
#.#####.#.....#
......>....####


You could see Edmund and an orc.

Vanquished Creatures
  Grinder (D:4)
  Menkaure (D:4)
  An ogre (D:4)
  Blork the orc (D:4)
  A crimson imp (D:4)
  A hound (D:4)
  An orc priest (D:3)
  An iguana (D:4)
  3 orc wizards
  A worker ant (D:4)
  4 gnolls (D:3)
  4 adders
  An ooze (D:1)
  An adder skeleton (D:4)
  6 worms
  3 dart slugs
  2 leopard geckos (D:3)
  4 orcs
  8 bats
  10 giant cockroaches
  9 goblins
  13 hobgoblins
  2 jackals (D:2)
  6 kobolds
  3 frilled lizards
  10 rats
98 creatures vanquished.

Notes
Turn   | Place    | Note
-------+----------+-------------------------------------------
     0 | D:1      | Borgoz the Gargoyle Berserker began the quest for the Orb.
     0 | D:1      | Reached XP level 1. HP: 14/14 MP: 1/1
    69 | D:1      | Reached XP level 2. HP: 19/19 MP: 2/2
   466 | D:1      | Reached XP level 3. HP: 22/23 MP: 3/3
   566 | D:1      | Reached ** piety under Trog
  1278 | D:2      | Reached XP level 4. HP: 29/29 MP: 4/4
  1576 | D:3      | Reached *** piety under Trog
  1659 | D:3      | Reached XP level 5. HP: 22/33 MP: 5/5
  1884 | D:3      | Reached XP level 6. HP: 29/39 MP: 6/6
  2323 | D:4      | Found a staircase to the Ecumenical Temple.
  2350 | D:4      | Found a burning altar of Makhleb.
  2386 | Temple   | Entered the Ecumenical Temple
  2609 | D:4      | Noticed Grinder
  2611 | D:4      | Paralysed by Grinder for 6 turns
  2628 | D:4      | Killed Grinder
  2629 | D:4      | Reached skill level 5 in Fighting
  2629 | D:4      | Reached XP level 7. HP: 38/44 MP: 7/7
  2739 | D:4      | HP: 2/44 [ogre/+0 giant spiked club (17)]
  3136 | D:4      | Noticed Menkaure
  3138 | D:4      | Noticed Blork the orc
  3142 | D:4      | Noticed Edmund
  3145 | D:4      | Killed Menkaure
  3146 | D:4      | Reached skill level 5 in Maces & Flails
  3146 | D:4      | Reached skill level 5 in Armour
  3150 | D:4      | Reached **** piety under Trog
  3154 | D:4      | Killed Blork the orc
  3170 | D:4      | Slain by Edmund

Illustrated notes

Levels and vault maps discovered:
D:1:      mainiacjoe_arrival_reflecting_pool, layout_basic
D:2:      layout_basic, minmay_3d_cube
D:3:      cheibrodos_helix_gallery, layout_basic
D:4:      layout_loops_ring, nicolae_ru_great_annihilating_truth,
          makhleb_grotto_becter, kennysheep_mini_moat,
          minmay_temple_entry_trees, gammafunk_ghost_grave, uniq_blork_the_orc,
          uniq_menkaure, uniq_grinder, uniq_edmund
Temple:   jpeg_temple_island

Skill      XL: |  1  2  3  4  5  6  7 |
---------------+----------------------+-----
Dodging        | 2 3 |  3.9
Armour         | 3 4 5 |  5.1
Fighting       | 4 5 |  5.7
Maces & Flails | 4 5 |  5.2

Action                   |  1- 3 |  4- 6 |  7- 9 || total
-------------------------+-------+-------+-------++-------
Melee: Mace              |   127 |    91 |       ||   218
       Flail             |       |    68 |    48 ||   116
Invok: Berserk           |     2 |     4 |     1 ||     7
       Trog's Hand       |       |     1 |       ||     1
  Use: Scroll            |       |     8 |       ||     8
 Stab: Sleeping          |     1 |     4 |     1 ||     6
Armor: Animal skin       |    58 |   116 |     8 ||   182
Dodge: Dodged            |   109 |   180 |    25 ||   314

Table legend: (Time is in decaauts)
 A = Elapsed time spent in this place.
 B = Non-inter-level travel time spent in this place.
 C = Inter-level travel time spent in this place.
 D = Time resting spent in this place.
 E = Time spent auto-exploring this place.
 F = Levels seen in this place.
 G = Mean time per level.
                   A        B        C        D        E       F      G
               +--------+--------+--------+--------+--------+-----+--------+
         Total |   3315 |   3242 |     73 |    498 |   1910 |   5 |  663.0 |
       Dungeon |   3059 |   3002 |     57 |    498 |   1672 |   4 |  764.8 |
        Temple |    255 |    239 |     16 |      0 |    238 |   1 |  255.0 |
               +--------+--------+--------+--------+--------+-----+--------+

Top non-repeatable levels by time:
     D:1: 983 daAuts
     D:3: 815 daAuts
     D:4: 644 daAuts
     D:2: 615 daAuts
  Temple: 255 daAuts
